 Dungeon Crawl Stone Soup version 0.21.0-3-g78d12a8 (webtiles) character file.

69827 reriks1 the Severer (level 14, -9/132 HPs)
             Began as a Deep Dwarf Fighter on Jan 13, 2018.
             Was an Elder of Makhleb.
             Killed from afar by Roxanne (60 damage)
             ... with a crystal spear
             ... on level 1 of the Shoals.
             The game lasted 00:22:40 (13944 turns).

reriks1 the Severer (Deep Dwarf Fighter)           Turns: 13944, Time: 00:22:41

Health: -9/132     AC: 42    Str: 28    XL:     14   Next: 91%
Magic:  6/6        EV: 13    Int:  7    God:    Makhleb [****..]
Gold:   226        SH:  0    Dex: 12    Spells: 13/13 levels left

rFire    + + +     SeeInvis +   b - +8 frozen axe "Frostbite" {freezing cloud, *Noise +Fly rC+}
rCold    + + +     Gourm    .   (shield currently unavailable)
rNeg     + + .     Faith    .   K - +10 plate armour of Sif Muna's Displeasure {rN+ rCorr}
rPois    .         Spirit   .   P - +2 hat of Eternity {rF+++ rC++}
rElec    +         Reflect  .   U - +2 cloak {+Inv}
rCorr    +         Harm     .   Q - +2 pair of gloves {Str+3}
MR       ++...                  O - +0 pair of boots of Pragmatism {rC+}
Stlth    ..........             (no amulet)
HPRegen  0.00/turn              s - ring of see invisible
MPRegen  0.10/turn              a - +6 ring of protection

@: lethally poisoned (-9 -> -9), starving, non-regenerating, very slow
A: damage resistance, heal wounds, dopey 1, negative energy resistance 1, sense
surroundings 2, electricity resistance, no regeneration
a: Heal Wounds, Minor Destruction, Lesser Servant of Makhleb, Major Destruction,
Renounce Religion, Evoke Invisibility, Evoke Flight


You were on level 1 of the Shoals.
You worshipped Makhleb.
Makhleb was greatly pleased with you.
You were starving.

You visited 4 branches of the dungeon, and saw 23 of its levels.
You also visited: Trove.

You collected 1156 gold pieces.
You spent 930 gold pieces at shops.

Inventory:

Hand Weapons
 b - the +8 frozen axe "Frostbite" (weapon) {freezing cloud, *Noise +Fly rC+}
   (You acquired it on level 1 of the Shoals)

   It has been specially enchanted to freeze those struck by it, causing extra
   injury to most foes and up to half again as much damage against particularly
   susceptible opponents.
   It can also slow down cold-blooded creatures.
   It protects you from cold.
   It lets you fly.
   It may make noises in combat.
 A - a +7 war axe of freezing
 N - a +2 war axe of electrocution
Armour
 c - a +0 shield
 K - the +10 plate armour of Sif Muna's Displeasure (worn) {rN+ rCorr}
   (You found it in a treasure trove)

   It protects you from negative energy.
   It protects you from acid and corrosion.
 O - the +0 pair of boots of Pragmatism (worn) {rC+}
   (You found it in a treasure trove)

   It protects you from cold.
 P - the +2 hat of Eternity (worn) {rF+++ rC++}
   (You found it in a treasure trove)

   It renders you almost immune to fire.
   It greatly protects you from cold.
 Q - a +2 pair of gloves of strength (worn)
 U - a +2 cloak of invisibility (worn)
Jewellery
 a - a +6 ring of protection (right hand)
 i - an uncursed amulet of guardian spirit
 l - an uncursed amulet of guardian spirit
 s - a ring of see invisible (left hand)
 T - a +3 ring of dexterity
Wands
 y - a wand of flame (4)
 z - a wand of polymorph (22)
 F - a wand of digging (12)
 H - a wand of iceblast (2)
 R - a wand of paralysis (49)
 V - a wand of enslavement (16)
Scrolls
 e - 7 scrolls of teleportation
 h - 10 scrolls of remove curse
 o - 3 scrolls of fear
 p - 8 scrolls of amnesia
 C - a scroll of fog
 M - 2 scrolls of blinking
Potions
 g - 2 potions of agility
 k - 3 potions of brilliance
 q - 11 potions of curing
 r - 2 potions of degeneration
 t - 6 potions of heal wounds
 u - 3 potions of cancellation
 v - 3 potions of haste
 w - 2 potions of flight
 E - a potion of resistance {unknown}
 G - a potion of ambrosia {unknown}
 J - a potion of berserk rage
 X - a potion of lignification {unknown}
Comestibles
 f - 33 rations


   Skills:
 + Level 10.2 Fighting
 * Level 15.5 Axes
 + Level 11.9 Armour
 + Level 11.3 Dodging
 + Level 11.8 Shields
 + Level 10.9 Invocations


You had 13 spell levels left.
You didn't know any spells.

Dungeon Overview and Level Annotations

Branches:
Dungeon (15/15)            Temple (1/1) D:4            Lair (6/6) D:9
 Shoals (1/4) Lair:3        Snake (0/4) Lair:4        Slime (0/5) Lair:6
    Orc (0/2) D:12         Depths (0/5) D:15
 Vaults: D:13-14

Altars:
Ashenzari
Fedhas
Hepliaklqana
Kikubaaqudgha
Makhleb
Nemelex Xobeh
Okawaru
Qazlal
Ru
Sif Muna
Trog
Uskayaw
Vehumet
Yredelemnul
Zin

Shops:
D:7 [   D:10 %=}[*

Annotations:
D:5 MetaCosm's ghost, novice DEFE
Shoals:1 exclusion: Roxanne, Roxanne


Innate Abilities, Weirdness & Mutations

You are resistant to damage.
You can heal yourself by infusing magical energy.
You resist negative energy. (rN+)
You passively map the area around you.
You do not regenerate.
You are dopey. (Int -2)
You are resistant to electric shocks. (rElec)


Message History

The merfolk javelineer is engulfed in freezing vapours.
You kill the merfolk javelineer!
Makhleb accepts your kill.
You hear a splash. x4
Roxanne prays for a Stone to Flesh spell.
The merfolk impaler hits you from afar with a trident.
The merfolk impaler hits you with a trident.
The merfolk impaler closely misses you. The merfolk impaler barely misses you.
Items here: $ ( ) [ a spear of venom; 18 javelins of returning; a leather armour; 6 gold pieces You closely miss the merfolk impaler.
The merfolk impaler is moderately wounded.
Roxanne casts a spell.
The crystal spear hits you!
The merfolk impaler hits you but does no damage. x2
Your unstable footing causes you to fumble your attack.
The merfolk impaler barely misses you.
Roxanne casts a spell.
The crystal spear hits you!
You die...

≈≈≈≈≈≈≈≈≈≈≈≈≈≈≈≈≈≈≈ ≈≈
≈≈≈≈≈≈≈≈≈≈≈≈≈≈≈≈≈≈≈≈≈≈≈.. ≈ ≈
≈≈≈≈≈≈≈≈≈≈≈≈≈≈≈≈≈≈≈≈.≈≈≈≈≈≈≈
≈ ≈≈≈≈≈≈≈≈≈≈≈≈≈≈≈≈≈≈≈≈≈≈≈≈≈≈
≈ ≈≈≈≈≈≈≈≈≈≈≈≈≈≈≈≈≈≈≈≈≈≈≈≈≈≈
≈ (≈≈≈≈≈)≈≈..≈≈≈≈≈≈≈≈≈≈≈≈≈≈≈
≈ ..≈(())≈.....≈≈≈≈≈≈≈≈≈≈≈≈≈
≈ ≈
..≈≈)≈)≈..>...≈≈≈≈≈≈≈≈≈≈≈≈ ≈
..≈≈≈)≈≈......≈m@≈≈≈≈≈≈≈≈≈ ,
..≈≈≈≈≈≈.......≈≈≈≈≈≈≈≈≈≈≈≈≈
..≈≈≈≈≈≈.......≈≈≈≈≈≈≈≈≈≈≈ ≈
* ≈PPP≈≈≈≈.....8≈≈≈≈≈≈≈≈≈≈≈≈
,
.PPP≈≈≈≈.....≈≈≈≈≈≈≈≈≈≈≈≈≈≈≈≈
..PP≈≈≈≈≈≈≈≈≈≈≈≈≈≈≈≈≈≈≈≈≈≈
#..≈≈≈≈≈≈≈≈≈≈≈≈≈≈≈≈≈≈≈≈≈≈≈≈
,, P≈≈≈≈≈≈≈≈≈≈≈≈≈≈≈≈≈≈≈≈ , ≈
≈≈≈≈P≈≈≈≈≈≈≈≈≈≈≈≈≈≈≈≈ ≈


You could see Roxanne and a merfolk impaler.

Vanquished Creatures
  Rupert (Lair:3)
  A dire elephant (Lair:6)
  An ettin (D:15)
  2 merfolk javelineers (Shoals:1)
  Snorg (Lair:6)
  2 hydras (Lair:3)
  A merfolk avatar (Shoals:1)
  3 centaur warriors (D:15)
  8 two-headed ogres
  A catoblepas (Lair:6)
  A tengu warrior (D:15)
  A deep troll shaman (Lair:6)
  11 death yaks
  2 deep elf knights (D:15)
  A fire crab (shapeshifter) (D:14)
  An unseen horror (D:15)
  A sea snake (Shoals:1)
  3 deep elf magi (D:15)
  A cyclops (D:15)
  An orc sorcerer (D:15)
  4 ugly things
  3 manticores
  Joseph (D:7)
  3 fauns (Shoals:1)
  6 merfolk sirens
  A black mamba (Lair:3)
  4 elephants
  3 centaur zombies
  11 spiny frogs
  2 gargoyles
  2 water nymphs (Shoals:1)
  A torpor snail (Lair:5)
  A kobold demonologist (D:11)
  6 rime drakes
  A komodo dragon (Lair:6)
  A queen bee (shapeshifter) (D:15)
  A tengu conjurer (D:15)
  A troll (D:8)
  A wind drake (Shoals:1)
  A queen bee (Lair:2)
  A polar bear (Lair:6)
  5 merfolk
  3 blink frogs (Lair:5)
  6 slime creatures
  Grinder (D:6)
  8 dream sheep
  6 hippogriffs
  A shadow (D:15)
  2 wyverns
  The ghost of newst the Skirmisher, an amateur HOFi (D:3)
  28 yaks
  2 vampires (D:11)
  2 steam dragons
  3 hungry ghosts
  4 basilisks
  3 vampire mosquitoes (D:14)
  Edmund (D:4)
  10 water moccasins
  4 orc warriors
  3 black bears
  5 porcupines
  3 ice beasts
  3 sky beasts
  An eye of draining (D:11)
  A hornet zombie (D:7)
  11 ogres
  3 phantoms
  A necrophage (D:7)
  26 wolves
  9 centaurs
  13 crocodiles
  13 bullfrogs
  A wyvern zombie (D:10)
  A water moccasin zombie (D:8)
  4 scorpions
  26 killer bees (Lair:2)
  19 wights
  3 howler monkeys
  An electric eel (Lair:2)
  2 crimson imps
  A bullfrog zombie (D:5)
  7 jellies
  A quasit (D:10)
  4 hounds
  A gnoll shaman (D:3)
  3 orc priests
  Crazy Yiuf (D:4)
  4 orc wizards
  Ijyb (D:3)
  Terence (D:3)
  Natasha (D:4)
  10 worker ants
  A hound skeleton (D:11)
  9 adders
  17 gnolls
  3 shadow imps
  9 oozes
  5 adder skeletons
  2 adder zombies
  2 worms
  3 dart slugs
  4 leopard geckos
  46 orcs
  2 ball pythons
  5 giant cockroaches
  12 goblins
  10 hobgoblins
  13 jackals
  4 quokkas
  10 bats
  4 frilled lizards
  8 kobolds
  2 quokka skeletons (D:4)
  10 rats
  2 fungi
556 creatures vanquished.

Vanquished Creatures (others)
  A basilisk (Lair:2)
  A steam dragon (D:6)
  A killer bee (Lair:2)
  4 fungi (Lair:6)
  2 plants
9 creatures vanquished.

Grand Total: 565 creatures vanquished

Notes
Turn   | Place    | Note
-------+----------+-------------------------------------------
     0 | D:1      | reriks1 the Deep Dwarf Fighter began the quest for the Orb.
     0 | D:1      | Reached XP level 1. HP: 20/20 MP: 1/1
   128 | D:1      | Reached XP level 2. HP: 24/27 MP: 2/2
   359 | D:1      | Reached skill level 1 in Dodging
   391 | D:1      | Reached XP level 3. HP: 19/33 MP: 3/3
   901 | D:2      | Reached skill level 3 in Axes
  1164 | D:2      | Reached XP level 4. HP: 39/42 MP: 3/3
  1414 | D:2      | Found an iron altar of Okawaru.
  1468 | D:3      | Reached XP level 5. HP: 49/49 MP: 4/4
  1496 | D:3      | Reached skill level 4 in Axes
  1690 | D:3      | Noticed newst's ghost (amateur HOFi)
  1704 | D:3      | Killed newst's ghost
  1704 | D:3      | Reached XP level 6. HP: 12/56 MP: 5/5
  1843 | D:3      | Noticed Ijyb
  1866 | D:3      | HP: 1/56 [acid (11)]
  1893 | D:3      | Killed Ijyb
  2000 | D:3      | Noticed Terence
  2007 | D:3      | Killed Terence
  2237 | D:4      | Gained mutation: You are dopey. (Int -2) [potion of mutation]
  2237 | D:4      | Gained mutation: You are resistant to electric shocks. (rElec) [potion of mutation]
  2283 | D:4      | Reached skill level 5 in Axes
  2319 | D:4      | Reached XP level 7. HP: 24/63 MP: 5/5
  2332 | D:4      | Found a staircase to the Ecumenical Temple.
  2334 | D:4      | Noticed Edmund
  2354 | D:4      | Killed Edmund
  2360 | Temple   | Entered the Ecumenical Temple
  2437 | Temple   | Became a worshipper of Makhleb the Destroyer
  2744 | D:4      | Noticed Natasha
  2754 | D:4      | Killed Natasha
  2767 | D:4      | Reached skill level 5 in Armour
  2829 | D:4      | Found an iron altar of Okawaru.
  2829 | D:4      | Found a bloodstained altar of Trog.
  2990 | D:4      | Found a runed door.
  2995 | D:4      | Noticed Crazy Yiuf
  3012 | D:4      | Killed Crazy Yiuf
  3054 | D:5      | Entered Level 5 of the Dungeon
  3191 | D:5      | Reached skill level 5 in Shields
  3211 | D:5      | Reached skill level 6 in Axes
  3229 | D:5      | Noticed MetaCosm's ghost (novice DEFE)
  3293 | D:6      | Reached * piety under Makhleb
  3431 | D:6      | Reached XP level 8. HP: 52/72 MP: 3/3
  3631 | D:6      | Reached skill level 7 in Axes
  3826 | D:6      | Noticed Grinder
  3833 | D:6      | Paralysed by Grinder for 3 turns
  3845 | D:6      | Killed Grinder
  3944 | D:6      | Found an ancient bone altar of Kikubaaqudgha.
  3944 | D:6      | Found a basalt altar of Yredelemnul.
  3949 | D:6      | Found a shattered altar of Ashenzari.
  3963 | D:6      | Found a sacrificial altar of Ru.
  3965 | D:6      | Found a faded altar of an unknown god.
  4023 | D:6      | Reached skill level 5 in Dodging
  4347 | D:7      | Noticed Joseph
  4362 | D:7      | Killed Joseph
  4362 | D:7      | Reached skill level 5 in Fighting
  4362 | D:7      | Reached skill level 8 in Axes
  4362 | D:7      | Gained mutation: You passively map the area around you. [Deep Dwarf growth]
  4362 | D:7      | Reached XP level 9. HP: 80/81 MP: 2/2
  4399 | D:7      | Found Taax's Armour Shoppe.
  4531 | D:7      | Reached ** piety under Makhleb
  4734 | D:7      | Reached skill level 9 in Axes
  5073 | D:8      | Noticed a two-headed ogre
  5088 | D:8      | Killed a two-headed ogre
  5088 | D:8      | Reached XP level 10. HP: 73/91 MP: 3/3
  5705 | D:8      | Reached *** piety under Makhleb
  5713 | D:8      | Reached skill level 10 in Axes
  5743 | D:9      | Noticed a death yak
  5743 | D:9      | Noticed a death yak
  5743 | D:9      | Noticed a death yak
  5744 | D:9      | Found a staircase to the Lair.
  5744 | D:9      | Noticed a death yak
  5745 | D:9      | Noticed a death yak
  5746 | D:9      | Noticed a death yak
  5775 | D:9      | Killed a death yak
  5782 | D:9      | Killed a death yak
  5782 | D:9      | Reached skill level 1 in Invocations
  5794 | D:9      | Killed a death yak
  5802 | D:9      | Killed a death yak
  5815 | D:9      | Killed a death yak
  5815 | D:9      | Reached XP level 11. HP: 55/99 MP: 3/5
  5824 | D:9      | Killed a death yak
  5824 | D:9      | Reached skill level 11 in Axes
  6073 | D:9      | Noticed a two-headed ogre
  6079 | D:9      | Killed a two-headed ogre
  6270 | D:10     | Entered Level 10 of the Dungeon
  6270 | D:10     | Found Facsestre's General Store.
  6352 | D:10     | Noticed a two-headed ogre
  6357 | D:10     | Killed a two-headed ogre
  6379 | D:10     | Found Tileil's Gadget Shop.
  6526 | D:10     | Found Wulutedo's Food Emporium.
  6533 | D:10     | Found Zopsua Haufu's Jewellery Shoppe.
  6555 | D:10     | Reached **** piety under Makhleb
  6570 | D:10     | Bought an uncursed ring of see invisible for 150 gold pieces
  6618 | D:10     | Found Medyesu's Armour Shoppe.
  6689 | D:10     | Found a basalt altar of Yredelemnul.
  6811 | D:11     | Identified Tuelypsi's Almanac of Contamination and Air
  6813 | D:11     | Noticed a cyan ugly thing
  6821 | D:11     | Killed a cyan ugly thing
  6865 | D:11     | Noticed a two-headed ogre
  6887 | D:11     | Killed a two-headed ogre
  6887 | D:11     | Reached skill level 5 in Invocations
  7189 | D:11     | Reached skill level 12 in Axes
  7524 | D:12     | Found a radiant altar of Vehumet.
  7543 | D:12     | You fall through a shaft for 3 floors!
  7543 | D:15     | Entered Level 15 of the Dungeon
  7587 | D:15     | Noticed a cyan ugly thing
  7587 | D:15     | Noticed a cyan ugly thing
  7587 | D:15     | Noticed a cyan ugly thing
  7612 | D:15     | Killed a red ugly thing
  7612 | D:15     | Reached XP level 12. HP: 87/110 MP: 8/8
  7628 | D:15     | Noticed a tengu warrior
  7629 | D:15     | Noticed an ettin
  7635 | D:15     | Noticed a centaur warrior
  7682 | D:15     | Noticed a two-headed ogre
  7688 | D:15     | Killed a two-headed ogre
  7703 | D:15     | Noticed a two-headed ogre
  7722 | D:15     | Killed a two-headed ogre
  7761 | D:15     | Noticed a centaur warrior
  7769 | D:15     | Killed a centaur warrior
  7815 | D:15     | Killed a centaur warrior
  7819 | D:15     | Noticed a centaur warrior
  7821 | D:15     | Killed an ettin
  7843 | D:15     | Killed a centaur warrior
  7861 | D:15     | Killed a tengu warrior
  7861 | D:15     | Reached skill level 10 in Armour
  7891 | D:15     | Found a staircase to the Depths.
  7891 | D:15     | Noticed a two-headed ogre
  7896 | D:15     | Killed a two-headed ogre
  7896 | D:15     | Reached skill level 13 in Axes
  7910 | D:15     | Reached ***** piety under Makhleb
  7910 | D:15     | Reached skill level 10 in Shields
  8002 | D:15     | Found a portal to a secret trove of treasure.
  8147 | Trove    | Entered a treasure trove
  8157 | Trove    | Got an ancient plate armour
  8168 | Trove    | Identified the +10 plate armour of Sif Muna's Displeasure {rN+ rCorr} (You found it in a treasure trove)
  8176 | Trove    | Got a spiked plate armour
  8180 | Trove    | Got a pair of pitted boots
  8183 | Trove    | Got a faintly humming hat
  8230 | Trove    | Identified the +1 plate armour "Seept" {MR+ Int+3 Slay+2} (You found it in a treasure trove)
  8250 | Trove    | Identified the +2 hat of Eternity {rF+++ rC++} (You found it in a treasure trove)
  8255 | Trove    | Identified the +0 pair of boots of Pragmatism {rC+} (You found it in a treasure trove)
  8361 | D:15     | Reached XP level 13. HP: 92/118 MP: 6/6
  8804 | D:12     | Found a staircase to the Orcish Mines.
  9271 | Lair:1   | Entered Level 1 of the Lair of Beasts
  9682 | Lair:2   | Reached skill level 10 in Dodging
  9769 | Lair:2   | Reached skill level 14 in Axes
 10576 | Lair:3   | Found a staircase to the Shoals.
 10788 | Lair:3   | Noticed Rupert
 10845 | Lair:3   | Paralysed by Rupert for 4 turns
 10851 | Lair:3   | Killed Rupert
 11277 | Lair:4   | Found a staircase to the Snake Pit.
 11344 | Lair:4   | Found a labyrinth entrance.
 11712 | Lair:5   | Gained mutation: You resist negative energy. (rN+) [Deep Dwarf growth]
 11712 | Lair:5   | Reached XP level 14. HP: 129/129 MP: 7/7
 12306 | Lair:6   | Entered Level 6 of the Lair of Beasts
 12319 | Lair:6   | Noticed Snorg
 12340 | Lair:6   | Killed Snorg
 12436 | Lair:6   | Reached skill level 10 in Invocations
 12482 | Lair:6   | Found a staircase to the Slime Pits.
 12639 | Lair:6   | Reached skill level 15 in Axes
 12773 | Lair:6   | Got a polished trident
 12774 | Lair:6   | Identified the +6 trident of Fedhas's Pride {pierce, +Inv Str+3 Dex+2} (You found it on level 6 of the Lair of Beasts)
 13042 | Lair:6   | Reached skill level 10 in Fighting
 13560 | D:10     | Bought a +6 ring of protection for 780 gold pieces
 13699 | Shoals:1 | Entered Level 1 of the Shoals
 13778 | Shoals:1 | Identified a scroll of acquirement
 13779 | Shoals:1 | Found the +8 frozen axe "Frostbite" {freezing cloud, *Noise +Fly rC+}
 13896 | Shoals:1 | Noticed Roxanne
 13944 | Shoals:1 | Killed from afar by Roxanne

Skill      XL: |  1  2  3  4  5  6  7  8  9 10 11 12 13 14 |
---------------+-------------------------------------------+-----
Dodging        | 1 2 3 4 5 6 7 8 9 10 11 | 11.3
Axes           | 3 4 5 6 8 9 10 12 13 14 15 | 15.5
Fighting       | 3 4 5 6 7 8 9 10 | 10.2
Armour         | 4 5 6 7 8 9 10 11 | 11.9
Shields        | 4 5 6 7 8 9 10 11 | 11.8
Invocations    | 3 5 7 9 10 | 10.9

Action                   |  1- 3 |  4- 6 |  7- 9 | 10-12 | 13-15 || total
-------------------------+-------+-------+-------+-------+-------++-------
Melee: War axe           |   174 |   251 |   396 |   570 |   821 ||  2212
       Executioner's axe |       |       |       |       |    50 ||    50
 Abil: Heal Wounds       |     1 |    13 |    19 |    14 |    14 ||    61
Evoke: Wand              |       |       |    13 |       |    12 ||    25
  Use: Potion            |       |     3 |       |     1 |       ||     4
       Scroll            |       |     9 |       |     5 |    14 ||    28
 Stab: Petrifying        |       |       |       |       |     1 ||     1
  Eat: Chunk             |     1 |     4 |    10 |    12 |    21 ||    48
Armor: Scale mail        |    69 |    95 |    46 |       |       ||   210
       Plate armour      |       |       |   138 |   232 |   540 ||   910
Dodge: Dodged            |    56 |   101 |   105 |   178 |   377 ||   817
Block: Shield            |   100 |   152 |   240 |   324 |   522 ||  1338
